[Event "Thursday 12 April, Rapid Engine Tour, 12+2, rd 6+7 Chess960, 16.00 ST"]
[Site "Infinity Chess"]
[Date "2018.4.12"]
[Round "3"]
[White "hafaba"]
[Black "MCDermont"]
[Result "1/2-1/2"]
[ECO "C55"]
[WhiteElo "2467"]
[BlackElo "2492"]
[WhiteEngine "Eman 1.70-beta18x 64-bit POPCNT_CTG"]
[BlackEngine "BrainFish 090218"]
[EventType "Swiss"]
[WhiteTeam ""]
[BlackTeam ""]
[PlyCount "87"]
[TimeControl "720+2"]

1. e4 e5 2. Nf3 Nc6 3. Bc4 Nf6 4. d3 Bc5 5. O-O d6 6. c3 O-O 7. h3 a5 
8. Nbd2 Be6 9. Bb5 h6 10. Re1 Qb8 11. Nf1 Qa7 12. Re2 a4 13. Ng3 Qa5 
14. Bxc6 bxc6 15. Nh4 Rfe8 16. Re1 d5 17. exd5 cxd5 18. Rxe5 Bf8 19. Qc2 c5 
20. Re1 Qd8 21. Nf3 Qc7 22. Be3 Bd6 23. d4 Bxg3 24. fxg3 Qxg3 25. Bf2 Qf4 
26. dxc5 Bxh3 27. Qd2 Qg4 28. Nh4 Ne4 29. Qe3 Ng5 30. Qxe8+ Rxe8 31. Rxe8+ Kh7 
32. Re3 f5 33. Rd3 f4 34. Kf1 f3 35. gxh3 Qxh3+ 36. Kg1 Qg4+ 37. Kh1 Nh3 
38. Rxf3 Nxf2+ 39. Rxf2 Qxh4+ 40. Rh2 Qe4+ 41. Rg2 Qh4+ 42. Rh2 Qf4 43. Rg2 Qh4+ 
44. Rh2 1/2-1/2

[Event "Thursday 12 April, Rapid Engine Tour, 12+2, rd 6+7 Chess960, 16.00 ST"]
[Site "Infinity Chess"]
[Date "2018.4.12"]
[Round "3"]
[White "Time_bandit"]
[Black "Thor"]
[Result "1/2-1/2"]
[ECO "C77"]
[WhiteElo "2453"]
[BlackElo "2497"]
[WhiteEngine "asmFishW_2018-02-02_popcnt"]
[BlackEngine "asmFishW_2018-04-08_bmi2"]
[EventType "Swiss"]
[WhiteTeam ""]
[BlackTeam ""]
[PlyCount "188"]
[TimeControl "720+2"]

1. e4 e5 2. Nf3 Nc6 3. Bb5 a6 4. Ba4 Nf6 5. O-O Be7 6. Re1 b5 7. Bb3 O-O 
8. c3 d5 9. exd5 Nxd5 10. Nxe5 Nxe5 11. Rxe5 c6 12. d4 Bd6 13. Re1 Qh4 
14. g3 Qh3 15. Be3 Bg4 16. Qd3 Rae8 17. Nd2 Re6 18. a4 Qh5 19. axb5 axb5 
20. Nf1 Bf5 21. Qd2 Bh3 22. Bd1 Qg6 23. Bf3 Qf5 24. Qd1 h5 25. Ra6 Bb8 
26. Be2 Qe4 27. Bf3 Qf5 28. Bh1 h4 29. Bd2 Rf6 30. Qe2 Re6 31. Qf3 Rxe1 
32. Bxe1 Bf4 33. Bg2 Bg4 34. Qe4 Qc8 35. Ra1 Re8 36. Qd3 Be2 37. Qc2 h3 
38. Be4 Qg4 39. Bf5 Qh5 40. gxf4 Qf3 41. Qe4 Qxe4 42. Bxe4 Rxe4 43. Bd2 Bf3 
44. Ra8+ Kh7 45. Ng3 Re7 46. Ra1 Re8 47. f5 f6 48. Kf1 Bg2+ 49. Kg1 Bf3 
50. Kf1 Kg8 51. b3 b4 52. cxb4 Kh8 53. Kg1 Kh7 54. Kf1 Kh8 55. Kg1 Kh7 
56. Kf1 Kg8 57. Kg1 Nc7 58. Bf4 Nb5 59. Be3 Rd8 60. Ra2 Nc7 61. Kf1 Nd5 
62. Bd2 Re8 63. Ra1 Kh7 64. Kg1 Rb8 65. Ra4 Re8 66. Ra1 Rb8 67. Ra4 Rd8 
68. Ra5 Nc7 69. Be3 Nb5 70. Ra2 Rd5 71. Rd2 Rd8 72. Rd3 Kg8 73. Kf1 Ra8 
74. Ke1 Ra1+ 75. Kd2 Rd1+ 76. Kc2 Na3+ 77. Kc3 Nb5+ 78. Kc2 Rg1 79. Kd2 Rg2 
80. Bf4 Bd5 81. Ne2 Rxf2 82. Ke1 Rf3 83. Kd2 Rf1 84. Rxh3 Bf3 85. Bb8 Rf2 
86. Ke3 Rxe2+ 87. Kxf3 Rd2 88. Bg3 Rd3+ 89. Kg2 Nxd4 90. Bf2 Rxh3 91. Kxh3 Nxf5 
92. Kg4 Nd6 93. Kf4 g5+ 94. Ke3 Kf7 1/2-1/2

[Event "Thursday 12 April, Rapid Engine Tour, 12+2, rd 6+7 Chess960, 16.00 ST"]
[Site "Infinity Chess"]
[Date "2018.4.12"]
[Round "2"]
[White "angriff"]
[Black "CrapCleaner"]
[Result "1/2-1/2"]
[ECO "C55"]
[WhiteElo "2358"]
[BlackElo "2460"]
[WhiteEngine "DracoREX 3.07 64BIT POPCNT_CTG"]
[BlackEngine "BrainFish_180411_x64_bmi2_CTG"]
[EventType "Swiss"]
[WhiteTeam ""]
[BlackTeam ""]
[PlyCount "105"]
[TimeControl "720+2"]

1. e4 e5 2. Nf3 Nc6 3. Bc4 Nf6 4. d3 Bc5 5. O-O O-O 6. c3 d6 7. Bg5 h6 8. Bh4 a5 
9. a4 Be6 10. Nbd2 Qe7 11. Bb5 g5 12. Bg3 Nh5 13. Nb3 Nxg3 14. hxg3 Bb6 
15. Nbd2 f5 16. exf5 Rxf5 17. Nc4 Bxc4 18. Bxc4+ Kh8 19. Nd2 Raf8 20. Ne4 Kg7 
21. Qb3 Nd8 22. Rae1 h5 23. d4 d5 24. Bxd5 exd4 25. cxd4 Bxd4 26. Re2 Re5 
27. Qc4 c5 28. Nxc5 Rxe2 29. Qxd4+ Qf6 30. Qd3 Re7 31. Ba2 Qf5 32. Qd4+ Qf6 
33. Qd1 Rh8 34. Nd7 Qxb2 35. Qd5 Nf7 36. Rb1 Qe2 37. Qd4+ Ne5 38. Rxb7 Qxa2 
39. Nxe5 Rxb7 40. Nf3+ Kg8 41. Qd8+ Kg7 42. Qxg5+ Kf8 43. Qd8+ Kg7 44. Qg5+ Kf8 
45. Qf6+ Kg8 46. Qd8+ Kh7 47. Qd3+ Kg7 48. Qc3+ Kh7 49. Qd3+ Kg7 50. Qd4+ Kg8 
51. Qd8+ Kg7 52. Qd4+ Kg8 53. Qd8+ 1/2-1/2

[Event "Thursday 12 April, Rapid Engine Tour, 12+2, rd 6+7 Chess960, 16.00 ST"]
[Site "Infinity Chess"]
[Date "2018.4.12"]
[Round "2"]
[White "Dovahkiin"]
[Black "OlivierEvan"]
[Result "1/2-1/2 "]
[ECO "B28"]
[WhiteElo "2410"]
[BlackElo "2372"]
[WhiteEngine "Raubfisch ME262_GTZ16f_CTG"]
[BlackEngine "Houdini 6"]
[EventType "Swiss"]
[WhiteTeam ""]
[BlackTeam ""]
[PlyCount "220"]
[TimeControl "720+2"]

1. e4 c5 2. Nf3 a6 3. Nc3 e6 4. d4 cxd4 5. Nxd4 Bb4 6. Bd2 d5 7. a3 Be7 
8. exd5 Nf6 9. Be2 O-O 10. Bf3 exd5 11. O-O Nc6 12. Bf4 Be6 13. Re1 Qd7 
14. Qd3 Rfe8 15. Bg3 Rad8 16. Rad1 Bd6 17. Bh4 Ne5 18. Qd2 Nxf3+ 19. Nxf3 Be7 
20. h3 h6 21. Qc1 Rc8 22. Rd2 Qc7 23. Rd3 Kh7 24. Nd4 Qd7 25. Bg3 Bc5 26. Qd1 b5 
27. Bh4 Ne4 28. Nxe4 dxe4 29. Rxe4 Bc4 30. Rxe8 Qxe8 31. Rd2 Qe4 32. Bg3 Rd8 
33. Nf3 Re8 34. b4 Bb6 35. Rd6 Re6 36. Rxe6 Qxe6 37. Qd6 f6 38. Qxe6 Bxe6 
39. Bf4 g5 40. Be3 Bc7 41. Nd4 Bd5 42. Nb3 Kg6 43. Bd2 Be4 44. c3 Kf5 45. Nc5 a5 
46. bxa5 Bxa5 47. Nb3 Bb6 48. Nd4+ Bxd4 49. cxd4 h5 50. f3 Bb7 51. h4 Bc6 
52. Kh2 Kg6 53. Kg3 Kf5 54. Bb4 Bd5 55. Ba5 Bc4 56. Kh3 Be6 57. Kg3 Bc4 
58. Bb4 Bd5 59. Bd6 Ke6 60. Bc7 Kf5 61. Bd8 Bc6 62. Be7 Bd5 63. Bd8 Bc6 
64. Bc7 Bd5 65. Kh3 Kg6 66. Bd8 Bc6 67. Be7 Bd5 68. Bc5 Be6+ 69. Kg3 Bd5 
70. Kh3 Be6+ 71. Kg3 Bd5 72. Be7 Kf5 73. Bd6 Ke6 74. Bf8 Bc4 75. Bb4 Kf5 
76. Bd6 Bd5 77. Bb4 Bc4 78. Bd2 Bd5 79. Bc1 Bc4 80. Be3 Be6 81. Bf2 Bd5 
82. Be1 Bc4 83. Kh3 Bb3 84. Kh2 Bd5 85. Kg3 Bc4 86. Bc3 Be6 87. Bd2 Bd5 
88. Bc1 Bc4 89. Be3 Be6 90. Kh3 Bd5 91. Kh2 Bc4 92. Kh3 Bd5 93. Bd2 Kg6 
94. Ba5 Be6+ 95. Kg3 Bc4 96. Bc3 Bd5 97. Kh2 Bc4 98. hxg5 fxg5 99. g4 hxg4 
100. fxg4 Kf7 101. Kg3 Be2 102. Bd2 Kf6 103. Kh3 Bc4 104. Bc3 Be2 105. Ba5 Ke6 
106. Bd8 Kd5 107. Bxg5 Bxg4+ 108. Kxg4 Kxd4 109. Kf5 Kd5 110. Bd2 Kc6 1/2-1/2

[Event "Thursday 12 April, Rapid Engine Tour, 12+2, rd 6+7 Chess960, 16.00 ST"]
[Site "Infinity Chess"]
[Date "2018.4.12"]
[Round "2"]
[White "KQRBNP"]
[Black "Vimtiroba"]
[Result "1/2-1/2"]
[ECO "D35"]
[WhiteElo "2408"]
[BlackElo "2386"]
[WhiteEngine "Eman 1.70-beta20 64-bit POPCNT"]
[BlackEngine "SF9 ''A5''_CTG"]
[EventType "Swiss"]
[WhiteTeam ""]
[BlackTeam ""]
[PlyCount "146"]
[TimeControl "720+2"]

1. d4 d5 2. c4 e6 3. Nc3 Nf6 4. cxd5 exd5 5. Bg5 Be7 6. e3 h6 7. Bh4 O-O 
8. Bd3 Re8 9. Qc2 c6 10. Nge2 Nbd7 11. O-O Nb6 12. f3 Bd7 13. Rad1 Rc8 
14. Rfe1 c5 15. Qd2 cxd4 16. Nxd4 Bb4 17. Rc1 Bc5 18. a3 Nc4 19. Bxc4 dxc4 
20. Rcd1 Qb6 21. Qe2 a6 22. Bxf6 Qxf6 23. Qxc4 Qb6 24. Ne4 Bxa3 25. Qd5 Bc6 
26. Nxc6 bxc6 27. Qc4 Bxb2 28. Rb1 Rb8 29. Re2 Qa5 30. Nd6 Rf8 31. g3 Rb4 
32. Qxc6 Qa2 33. Qc2 Qe6 34. Rxb2 Qxd6 35. Rxb4 Qxb4 36. Qb2 Qd6 37. Qc2 Ra8 
38. Qa4 a5 39. e4 Kh7 40. Kg2 Ra7 41. Ra2 Qd3 42. Rb2 g6 43. Ra2 Qa6 44. Rc2 Qd3 
45. Rf2 Qa6 46. Rc2 h5 47. f4 Qd3 48. Rf2 Qe3 49. Rf3 Qd2+ 50. Rf2 Qd3 
51. Rf3 Qd8 52. h4 Rb7 53. Rf2 Rb4 54. Qa2 Qe8 55. f5 gxf5 56. Qxa5 Qxe4+ 
57. Kh2 f6 58. Qxf5+ Qxf5 59. Rxf5 Kg6 60. Rf2 Re4 61. Kg2 Rb4 62. Rf4 Rb6 
63. Kh3 f5 64. Ra4 Kf6 65. Ra8 Rb2 66. Ra6+ Ke5 67. Rh6 Ke4 68. Rxh5 f4 
69. Kg4 Rg2 70. Ra5 Rxg3+ 71. Kh5 f3 72. Ra4+ Kd3 73. Ra2 f2 1/2-1/2

[Event "Thursday 12 April, Rapid Engine Tour, 12+2, rd 6+7 Chess960, 16.00 ST"]
[Site "Infinity Chess"]
[Date "2018.4.12"]
[Round "2"]
[White "star99"]
[Black "ivrdurant"]
[Result "1/2-1/2"]
[ECO "C24"]
[WhiteElo "2419"]
[BlackElo "2419"]
[WhiteEngine "Cryptic Heroes 9.4B"]
[BlackEngine "Raubfisch ME262_GTZ16d4"]
[EventType "Swiss"]
[WhiteTeam ""]
[BlackTeam ""]
[PlyCount "118"]
[TimeControl "720+2"]

1. e4 e5 2. Bc4 Nf6 3. d3 Nc6 4. Nf3 Bc5 5. O-O d6 6. c3 a5 7. Re1 Ba7 
8. Bg5 O-O 9. Bh4 h6 10. Na3 g5 11. Bg3 g4 12. Bh4 Kg7 13. Nd2 Ne7 
14. Bxf6+ Kxf6 15. Nf1 Kg7 16. d4 c6 17. Ng3 f5 18. exf5 Nxf5 19. Qxg4+ Qg5 
20. Qxg5+ hxg5 21. Nc2 Nxg3 22. hxg3 Bd7 23. Rad1 Rae8 24. Be2 g4 25. Bd3 d5 
26. Rd2 exd4 27. Rxe8 Rxe8 28. cxd4 Kf6 29. b3 Bb8 30. Kf1 Bc7 31. a3 Bb6 
32. Rd1 Rh8 33. b4 Ke7 34. Ke1 axb4 35. axb4 Ke6 36. f4 gxf3 37. gxf3 Rh2 
38. Rd2 Rh3 39. Kf2 Rh2+ 40. Ke1 Rh3 41. Kf2 Rh2+ 42. Ke3 Rh1 43. f4 Kf7 
44. Kf3 Kf6 45. b5 Ba5 46. Rg2 Rd1 47. Ke3 Bg4 48. bxc6 bxc6 49. Be2 Bd2+ 
50. Kf2 Rc1 51. Bxg4 Rxc2 52. Kf1 Rc1+ 53. Ke2 Ba5 54. Bc8 Bb6 55. g4 Rc2+ 
56. Kf1 Rc1+ 57. Ke2 Rc2+ 58. Kf3 Rc3+ 59. Ke2 Rc2+ 1/2-1/2

[Event "Thursday 12 April, Rapid Engine Tour, 12+2, rd 6+7 Chess960, 16.00 ST"]
[Site "Infinity Chess"]
[Date "2018.4.12"]
[Round "2"]
[White "Time_bandit"]
[Black "Deep_Impact"]
[Result "1-0"]
[ECO "B12"]
[WhiteElo "2437"]
[BlackElo "2432"]
[WhiteEngine "asmFishW_2018-02-02_popcnt"]
[BlackEngine "asmFishW_2018-04-07_bmi2"]
[EventType "Swiss"]
[WhiteTeam ""]
[BlackTeam ""]
[PlyCount "217"]
[TimeControl "720+2"]

1. e4 c6 2. d4 Qc7 3. Nf3 d6 4. c4 Nf6 5. Nc3 e5 6. h3 Be7 7. Be2 Nbd7 
8. Be3 O-O 9. O-O b6 10. Qc2 Re8 11. Rac1 Nf8 12. d5 Ng6 13. dxc6 Qxc6 
14. Rfd1 h6 15. Nd2 Be6 16. b3 Rad8 17. Nf1 Nh7 18. Rd2 Nh4 19. Nd5 Qc8 
20. g3 Ng6 21. h4 Bf8 22. Rdd1 Ne7 23. Qd3 g6 24. Nd2 f5 25. exf5 Nxf5 
26. Ne4 Bg7 27. Bg4 Qd7 28. a4 Qf7 29. a5 bxa5 30. Ra1 Bxd5 31. Qxd5 Qxd5 
32. Rxd5 Nxe3 33. fxe3 Nf6 34. Nxf6+ Bxf6 35. Raxa5 h5 36. Be2 e4 37. Rxa7 Re5 
38. Rb5 Kf8 39. Rbb7 Re7 40. Rxe7 Bxe7 41. b4 Rb8 42. b5 Bd8 43. Kf2 Bb6 
44. Rd7 Bc5 45. Bd1 Ra8 46. b6 Ra2+ 47. Be2 Bxb6 48. Rxd6 Bc5 49. Rxg6 Ra3 
50. Bxh5 Bxe3+ 51. Kg2 Ra5 52. Bd1 Ra1 53. Bg4 Ra2+ 54. Kh3 Bg1 55. Bf5 e3 
56. Re6 Kf7 57. c5 e2 58. c6 Bb6 59. Bg4 Rc2 60. h5 Rxc6 61. Rxe2 Kf6 
62. Bf3 Rc3 63. Kg2 Be3 64. Ra2 Rb3 65. Ra5 Bb6 66. Ra8 Bd4 67. Rg8 Rb2+ 
68. Kh3 Rb6 69. g4 Be3 70. Kg3 Rd6 71. Be2 Ke7 72. Rc8 Re6 73. Bc4 Rd6 
74. Kf3 Bd2 75. Rc5 Rd4 76. Bb3 Kd6 77. Rb5 Bc1 78. Bc2 Rc4 79. Bf5 Rc6 
80. Kg3 Ke7 81. Be4 Rc4 82. Rb7+ Kf8 83. Bf5 Rc6 84. Kh4 Bd2 85. Rd7 Bb4 
86. Rd8+ Kg7 87. g5 Be7 88. Rd4 Rb6 89. Rd5 Rb4+ 90. Bg4 Re4 91. Kg3 Kf7 
92. Bf3 Re1 93. Rf5+ Ke6 94. Bg4 Bd6+ 95. Kg2 Re4 96. Kh3 Ke7 97. g6 Re3+ 
98. Kh4 Bg3+ 99. Kg5 Be5 100. Rf7+ Ke8 101. Bd7+ Kd8 102. g7 Bf6+ 103. Kg6 Kc7 
104. g8=Q Re7 105. Rxe7 Bxe7 106. Qd5 Bf6 107. Qc6+ Kd8 108. Kf7 Ba1 109. Qc8# 
1-0

[Event "Thursday 12 April, Rapid Engine Tour, 12+2, rd 6+7 Chess960, 16.00 ST"]
[Site "Infinity Chess"]
[Date "2018.4.12"]
[Round "2"]
[White "Murx"]
[Black "ocirema"]
[Result "1/2-1/2"]
[ECO "A22"]
[WhiteElo "2455"]
[BlackElo "2441"]
[WhiteEngine "asmFishW_2018-04-07_popcnt"]
[BlackEngine "asmFishW_2018-04-11_popcnt"]
[EventType "Swiss"]
[WhiteTeam ""]
[BlackTeam ""]
[PlyCount "151"]
[TimeControl "720+2"]

1. c4 e5 2. Nc3 Nf6 3. Nf3 Nc6 4. g3 d5 5. cxd5 Nxd5 6. Bg2 Nb6 7. O-O Be7 
8. d3 O-O 9. Be3 Be6 10. a3 f5 11. Rc1 a6 12. b4 Kh8 13. Qd2 Bf6 14. Ng5 Bg8 
15. Bxc6 bxc6 16. Nf3 Re8 17. Bg5 e4 18. Bxf6 Qxf6 19. Nh4 Rad8 20. Qc2 exd3 
21. exd3 c5 22. bxc5 Nd7 23. Rfe1 Rxe1+ 24. Rxe1 Nxc5 25. d4 Qxd4 26. Rd1 Nd3 
27. Nxf5 Qf6 28. Rxd3 Qxf5 29. Rd2 Qf6 30. Rxd8 Qxd8 31. Qe4 Qd6 32. a4 a5 
33. Qe8 c5 34. Kg2 Qd3 35. Qe3 Qd4 36. Qf3 h6 37. g4 Qe5 38. Qg3 Qd4 39. Qf3 Qe5 
40. Qg3 Qf6 41. Qf3 Qg5 42. Qg3 Qd2 43. Qf3 Qg5 44. Qe4 Qf6 45. Qf3 Qe6 
46. Qe4 Qd6 47. Qe3 Bf7 48. f4 Kg8 49. h3 Qd4 50. Kf3 Qd6 51. Kg3 c4 52. Kf2 h5 
53. Nb5 Qd1 54. Nc3 Qc2+ 55. Kg3 hxg4 56. hxg4 Qd3 57. Qxd3 cxd3 58. Kf3 Bb3 
59. Kf2 d2 60. Ke2 d1=Q+ 61. Nxd1 Bxa4 62. Nc3 Bb3 63. Ke3 a4 64. Kd2 a3 
65. Kc1 a2 66. Kb2 Bc4 67. f5 Kf7 68. Ne4 a1=Q+ 69. Kxa1 Be2 70. g5 Bg4 
71. g6+ Ke7 72. f6+ Kf8 73. Kb2 gxf6 74. Nxf6 Bf3 75. Kc3 Kg7 76. Nd7 1/2-1/2

[Event "Thursday 12 April, Rapid Engine Tour, 12+2, rd 6+7 Chess960, 16.00 ST"]
[Site "Infinity Chess"]
[Date "2018.4.12"]
[Round "2"]
[White "Eman"]
[Black "Marsell"]
[Result "1/2-1/2"]
[ECO "D02"]
[WhiteElo "2465"]
[BlackElo "2461"]
[WhiteEngine "Eman 1.70-beta20 64-bit BMI2"]
[BlackEngine "BrainFish_180408_x64_bmi2"]
[EventType "Swiss"]
[WhiteTeam ""]
[BlackTeam ""]
[PlyCount "98"]
[TimeControl "720+2"]

1. d4 d5 2. Nf3 Nf6 3. c4 c6 4. e3 e6 5. b3 c5 6. Bb2 cxd4 7. Qxd4 Nc6 
8. Qd1 Be7 9. cxd5 Qxd5 10. Qxd5 exd5 11. Nc3 O-O 12. Bd3 Bg4 13. Ne2 Nb4 
14. Bb1 Rfc8 15. Nfd4 Bxe2 16. Kxe2 Ne4 17. f3 Nc3+ 18. Kd2 Nxb1+ 19. Rhxb1 f6 
20. Rc1 Kf7 21. Rxc8 Rxc8 22. a3 Na6 23. b4 Nb8 24. Ne2 a6 25. h3 Nc6 
26. Rc1 Bd6 27. f4 h5 28. Kd3 Rg8 29. g3 g5 30. Rg1 gxf4 31. gxf4 Rxg1 
32. Nxg1 Ne7 33. Ne2 Nf5 34. Bc3 Ke6 35. Nd4+ Nxd4 36. Bxd4 Bc7 37. Kc2 Bd8 
38. a4 Be7 39. b5 axb5 40. axb5 f5 41. Kb3 Bd6 42. Kc3 Be7 43. Kd2 Bf6 
44. Bxf6 Kxf6 45. Kc3 Ke7 46. Kd3 Ke6 47. Kc3 Ke7 48. Kd3 Ke6 49. Kc3 Ke7 
1/2-1/2

[Event "Thursday 12 April, Rapid Engine Tour, 12+2, rd 6+7 Chess960, 16.00 ST"]
[Site "Infinity Chess"]
[Date "2018.4.12"]
[Round "2"]
[White "MCDermont"]
[Black "RonWeasley"]
[Result "1/2-1/2"]
[ECO "C11"]
[WhiteElo "2492"]
[BlackElo "2482"]
[WhiteEngine "BrainFish 090218"]
[BlackEngine "BrainFish 090218_CTG"]
[EventType "Swiss"]
[WhiteTeam ""]
[BlackTeam ""]
[PlyCount "128"]
[TimeControl "720+2"]

1. e4 e6 2. d4 d5 3. Nc3 Nf6 4. e5 Nfd7 5. f4 c5 6. Nf3 Nc6 7. Be3 cxd4 
8. Nxd4 Qb6 9. Qd2 Qxb2 10. Rb1 Qa3 11. Bb5 Nxd4 12. Bxd4 a6 13. Bxd7+ Bxd7 
14. Rb3 Qe7 15. Rxb7 Rc8 16. O-O Qd8 17. f5 exf5 18. Qd3 Bc5 19. Bxc5 Rxc5 
20. Nxd5 Bc8 21. Re7+ Kf8 22. Qa3 Qa5 23. Qxa5 Rxa5 24. Rc7 Be6 25. Nf4 Rxe5 
26. Nxe6+ Rxe6 27. Rxf5 Re7 28. Rc8+ Re8 29. Rc7 Re7 30. Rc8+ Re8 31. Rfc5 Ke7 
32. R8c6 g6 33. Kf2 Ra8 34. Rc7+ Kf8 35. Rc3 Kg7 36. Rf3 Rhf8 37. Kg3 Rae8 
38. a3 Re2 39. h4 Kg8 40. c4 Rc2 41. a4 Ra2 42. a5 Rxa5 43. c5 Ra4 44. c6 Rc4 
45. Rf2 h6 46. Rf4 Rc5 47. Kf3 g5 48. Re4 Kg7 49. Ke3 gxh4 50. Rxh4 a5 
51. Rf4 Rc2 52. g3 Kg6 53. Kd3 Rc1 54. Kd2 Rc5 55. Kd3 Rc1 56. Kd2 Rc5 
57. Kd3 Re8 58. Rc4 Rd5+ 59. Kc2 Re2+ 60. Kb3 Re3+ 61. Ka4 Ree5 62. Kb3 Re3+ 
63. Ka4 Ree5 64. Kb3 Re3+ 1/2-1/2

[Event "Thursday 12 April, Rapid Engine Tour, 12+2, rd 6+7 Chess960, 16.00 ST"]
[Site "Infinity Chess"]
[Date "2018.4.12"]
[Round "2"]
[White "Thor"]
[Black "hafaba"]
[Result "1/2-1/2"]
[ECO "B90"]
[WhiteElo "2498"]
[BlackElo "2466"]
[WhiteEngine "asmFishW_2018-04-08_bmi2"]
[BlackEngine "Eman 1.70-beta18x 64-bit POPCNT_CTG"]
[EventType "Swiss"]
[WhiteTeam ""]
[BlackTeam ""]
[PlyCount "117"]
[TimeControl "720+2"]

1. e4 c5 2. Nf3 d6 3. d4 cxd4 4. Nxd4 Nf6 5. Nc3 a6 6. Be3 e5 7. Nb3 Be6 
8. Be2 Be7 9. Qd3 O-O 10. O-O Nc6 11. a3 Rc8 12. Rfe1 Na5 13. Nxa5 Qxa5 
14. h3 b5 15. Bd2 Qb6 16. Qg3 Kh8 17. Bd3 Qc6 18. Red1 Rc7 19. b4 Nh5 
20. Qf3 Nf4 21. Bf1 f5 22. a4 fxe4 23. Qxe4 Qxe4 24. Nxe4 Bf5 25. axb5 Bxe4 
26. bxa6 d5 27. c3 Nd3 28. Bg5 Bxg5 29. Bxd3 Be7 30. Bxe4 dxe4 31. Ra5 Kg8 
32. Rxe5 Bf6 33. Rxe4 Rxc3 34. h4 Ra3 35. b5 Ra5 36. Rd5 Rb8 37. h5 Kf8 
38. Rc4 Ke7 39. Rcc5 Rb6 40. Kh2 Rd6 41. Rc7+ Kd8 42. Rxd6+ Kxc7 43. Rc6+ Kd7 
44. Rb6 Bd4 45. Rb7+ Ke6 46. f4 Kf5 47. h6 gxh6 48. Kg3 Ra3+ 49. Kh4 Kxf4 
50. Rxh7 Ra2 51. g3+ Kf5 52. Kh3 Bg1 53. Rf7+ Ke6 54. Rg7 Kd5 55. Rg6 Re2 
56. b6 h5 57. g4 hxg4+ 58. Rxg4 Bxb6 59. Rg5+ 1/2-1/2

[Event "Thursday 12 April, Rapid Engine Tour, 12+2, rd 6+7 Chess960, 16.00 ST"]
[Site "Infinity Chess"]
[Date "2018.4.12"]
[Round "1"]
[White "OlivierEvan"]
[Black "ocirema"]
[Result "1/2-1/2"]
[ECO "A05"]
[WhiteElo "2369"]
[BlackElo "2444"]
[WhiteEngine "Houdini 6"]
[BlackEngine "asmFishW_2018-04-11_popcnt"]
[EventType "Swiss"]
[WhiteTeam ""]
[BlackTeam ""]
[PlyCount "109"]
[TimeControl "720+2"]

1. Nf3 Nf6 2. d4 d5 3. c4 e6 4. Nc3 c6 5. e3 Nbd7 6. Bd3 dxc4 7. Bxc4 b5 
8. Bd3 Bb7 9. e4 b4 10. Na4 c5 11. e5 Nd5 12. O-O cxd4 13. Nxd4 Nxe5 
14. Bb5+ Nd7 15. Re1 Rc8 16. b3 Be7 17. Rxe6 O-O 18. Nc6 Bxc6 19. Rxc6 Nc7 
20. Bf1 Ne5 21. Qxd8 Rfxd8 22. Rc2 Ne6 23. Rxc8 Rxc8 24. Bb2 Bf6 25. Re1 Nd7 
26. Bxf6 Nxf6 27. Bc4 Rd8 28. h3 h6 29. Bxe6 fxe6 30. Rxe6 Rd1+ 31. Kh2 Rd2 
32. Kg3 Rxa2 33. Kf3 Nd5 34. Re2 Rxe2 35. Kxe2 Kf7 36. g3 Ke7 37. Kd3 Kd6 
38. Kd4 Kc6 39. Kc4 a5 40. Kd4 Nf6 41. Nc5 h5 42. Kc4 g5 43. f3 g4 44. fxg4 hxg4 
45. h4 Kd6 46. Nd3 Ke6 47. Nf2 Nh5 48. Nxg4 Nxg3 49. Kb5 Kf5 50. Nf2 Kf4 
51. Kxa5 Kf3 52. h5 Nxh5 53. Kxb4 Kxf2 54. Kc4 Nf4 55. b4 1/2-1/2

[Event "Thursday 12 April, Rapid Engine Tour, 12+2, rd 6+7 Chess960, 16.00 ST"]
[Site "Infinity Chess"]
[Date "2018.4.12"]
[Round "1"]
[White "hafaba"]
[Black "angriff"]
[Result "1-0"]
[ECO "B63"]
[WhiteElo "2453"]
[BlackElo "2371"]
[WhiteEngine "Eman 1.70-beta18x 64-bit POPCNT_CTG"]
[BlackEngine "DracoREX 3.07 64BIT POPCNT_CTG"]
[EventType "Swiss"]
[WhiteTeam ""]
[BlackTeam ""]
[PlyCount "157"]
[TimeControl "720+2"]

1. e4 c5 2. Nf3 d6 3. d4 cxd4 4. Nxd4 Nf6 5. Nc3 Nc6 6. Bg5 e6 7. Qd2 Be7 
8. O-O-O O-O 9. f4 h6 10. Bh4 Nxd4 11. Qxd4 Qa5 12. Bc4 e5 13. fxe5 dxe5 
14. Qd3 Bg4 15. Rdf1 Be6 16. Bxf6 Bxf6 17. Kb1 Qc5 18. Bb3 a5 19. h4 Be7 
20. Qe2 b5 21. Qxb5 Qxb5 22. Nxb5 Bg4 23. a4 Rab8 24. h5 Be2 25. Rf5 Bf6 
26. Bd5 Rfc8 27. Nd6 Rd8 28. Rf2 Ba6 29. Nb5 Bxb5 30. axb5 Rxb5 31. c4 Rc5 
32. Rh3 Rb8 33. Ra3 Kf8 34. Kc2 Ke7 35. Rff3 Rb6 36. Rf1 Ke8 37. Rf2 Rd6 
38. Rff3 Rb6 39. Rab3 Rxb3 40. Kxb3 Rc8 41. Ka4 Rb8 42. b3 Bd8 43. Rxf7 Rb4+ 
44. Ka3 Be7 45. Rxg7 Bc5 46. Ka2 a4 47. bxa4 Rxa4+ 48. Kb2 Kd8 49. Rg6 Be3 
50. c5 Ra5 51. c6 Ra7 52. Kc3 Re7 53. Kc4 Kc7 54. Kb5 Kc8 55. Be6+ Kc7 
56. Bg4 Rh7 57. Bh3 Re7 58. Kc4 Rf7 59. Kd5 Kb6 60. Rg3 Bf2 61. Rb3+ Ka5 
62. Bd7 Bb6 63. Kc4 Bd8 64. Rb8 Bc7 65. Rb7 Bb6 66. c7 Rf2 67. c8=Q Rc2+ 
68. Kd5 Rxc8 69. Bxc8 Kb5 70. g4 Ka5 71. g5 hxg5 72. h6 g4 73. h7 Kb4 
74. Rxb6+ Kc3 75. h8=Q g3 76. Qxe5+ Kc2 77. Rb2+ Kc1 78. Qc3+ Kd1 79. Bg4# 1-0

[Event "Thursday 12 April, Rapid Engine Tour, 12+2, rd 6+7 Chess960, 16.00 ST"]
[Site "Infinity Chess"]
[Date "2018.4.12"]
[Round "1"]
[White "Vimtiroba"]
[Black "Murx"]
[Result "1/2-1/2"]
[ECO "B10"]
[WhiteElo "2383"]
[BlackElo "2458"]
[WhiteEngine "SF9 ''A5''_CTG"]
[BlackEngine "asmFishW_2018-04-07_popcnt"]
[EventType "Swiss"]
[WhiteTeam ""]
[BlackTeam ""]
[PlyCount "104"]
[TimeControl "720+2"]

1. e4 c6 2. c3 d5 3. exd5 cxd5 4. Nf3 Nc6 5. d4 Bf5 6. Qb3 Qd7 7. Be2 Nf6 
8. Bf4 Ne4 9. Ne5 Nxe5 10. Bxe5 a6 11. f3 Nf6 12. g4 Bg6 13. h4 h5 14. g5 Ng8 
15. c4 dxc4 16. Bxc4 b5 17. Be2 f6 18. Bg3 e6 19. Nc3 Ne7 20. Nxb5 Nd5 
21. Kf2 Kf7 22. Nc3 Bd6 23. Bxd6 Qxd6 24. Nxd5 Rab8 25. Qa3 Qxa3 26. bxa3 exd5 
27. Kg3 Rb2 28. Bd1 fxg5 29. hxg5 Rd2 30. Rc1 Rxd4 31. Rc7+ Kg8 32. Bb3 h4+ 
33. Kf2 Kh7 34. Rd7 Re8 35. Rxd5 Rf4 36. Bd1 Bf7 37. Bc2+ Bg6 38. Bd1 Bf7 
39. Rc5 Rd4 40. Bc2+ Bg6 41. Be4 Bxe4 42. Rxh4+ Kg6 43. Rxe4 Rexe4 44. fxe4 Rxe4 
45. Rc6+ Kxg5 46. Rxa6 Rh4 47. Ra5+ Kf6 48. a4 Rh3 49. Ra6+ Kg5 50. a5 Rd3 
51. Ra7 Ra3 52. Rxg7+ Kf5 1/2-1/2

[Event "Thursday 12 April, Rapid Engine Tour, 12+2, rd 6+7 Chess960, 16.00 ST"]
[Site "Infinity Chess"]
[Date "2018.4.12"]
[Round "1"]
[White "Marsell"]
[Black "KQRBNP"]
[Result "1/2-1/2"]
[ECO "B90"]
[WhiteElo "2463"]
[BlackElo "2406"]
[WhiteEngine "BrainFish_180408_x64_bmi2"]
[BlackEngine "Eman 1.70-beta20 64-bit POPCNT"]
[EventType "Swiss"]
[WhiteTeam ""]
[BlackTeam ""]
[PlyCount "149"]
[TimeControl "720+2"]

1. e4 c5 2. Nf3 d6 3. d4 cxd4 4. Nxd4 Nf6 5. Nc3 a6 6. Be3 e5 7. Nb3 Be6 
8. f3 Be7 9. Qd2 Nbd7 10. g4 O-O 11. O-O-O b5 12. g5 Nh5 13. Nd5 Bxd5 
14. exd5 f6 15. gxf6 Bxf6 16. Na5 Qe8 17. Bh3 Nf4 18. Bxf4 exf4 19. Rhe1 Ne5 
20. Re4 Qh5 21. Be6+ Kh8 22. Qe2 g6 23. h3 Bd8 24. Nc6 Nc4 25. b3 Ne3 
26. Nxd8 Raxd8 27. Rd3 Qg5 28. Qe1 Qf6 29. Qc3 Qg7 30. a4 g5 31. a5 h5 
32. Qxg7+ Kxg7 33. Rc3 Kh6 34. Rc7 Rde8 35. Ra7 g4 36. hxg4 hxg4 37. fxg4 Kg5 
38. Rg7+ Kh6 39. Rd7 Kg5 40. Rh7 f3 41. Rh5+ Kg6 42. Rxe3 f2 43. Bf5+ Kf6 
44. Rf3 Re1+ 45. Kb2 f1=Q 46. Rxf1 Rxf1 47. Rh7 Ke5 48. Ra7 Kxd5 49. Rxa6 b4 
50. Rb6 Ra8 51. Rb5+ Kc6 52. Bd3 Rd1 53. g5 Rxd3 54. Rb6+ Kc7 55. cxd3 Rxa5 
56. Rxb4 Rxg5 57. Rc4+ Kb6 58. Kc3 Rg3 59. Re4 Kc5 60. Rd4 Kc6 61. Rh4 Kc5 
62. Kc2 d5 63. b4+ Kb5 64. Rh5 Kc6 65. Rh8 Rg4 66. Kc3 Rg6 67. Rc8+ Kb7 
68. Rc5 Rg5 69. d4 Rg3+ 70. Kb2 Rg2+ 71. Ka1 Rg1+ 72. Ka2 Rg2+ 73. Ka1 Rg1+ 
74. Ka2 Rg2+ 75. Ka1 1/2-1/2